Map: Lost and Found LE

Players

Synastren

  • Race: Zerg Zerg
  • League: Diamond
  • Spawn Location: 7:00

Angelus - Winner!

  • Race: Zerg Zerg
  • League: Diamond
  • Spawn Location: 1:00

VOD

Have the link to the VOD?

Description

Good build for all match ups

Time

  • Played on: June 22, 2018, 6:17 p.m.
  • Length: 13:40
Show
View Real Time Build Order
Export as new Build Order

Synastren Zerg 

Build Orders: Hatch First 

Get SALT Encoding   

  12  0:01  Drone  
  13  0:16  Overlord, Drone  
  14  0:34  Drone x2  
  16  0:45  Drone  
  17  0:57  Hatchery  
  17  1:00  Drone x2  
  17  1:03  Extractor  
  17  1:16  Spawning Pool  
  16  1:20  Drone  
  17  1:27  Drone  
  18  1:37  Drone  
  19  1:42  Overlord  
  19  2:07  Metabolic Boost  
  19  2:10  Drone x3  
  19  2:11  Queen x2  
  26  2:24  Baneling Nest  
  25  2:34  Drone x3  
  25  2:35  Drone  
  29  2:45  Overlord  
  29  2:47  Drone x2, Queen  
  33  2:54  Queen  
  35  3:01  Zergling x2  
  35  3:03  Zergling x2  
  37  3:06  Overlord  
  37  3:23  Baneling  
  37  3:24  Baneling  
  37  3:33  Hatchery  
  36  3:34  Drone x7  
  36  3:40  Lair  
  43  4:02  Zergling x16  
  51  4:13  Zergling x2  
  51  4:16  Overlord x2  
  51  4:17  Overlord x2  
  52  4:26  Evolution Chamber  
  52  4:27  Drone, Roach Warren  
  52  4:28  Drone  
  49  4:53  Queen  
  49  4:54  Drone x7  
  49  4:57  Zerg Missile Weapons Level 1  
  57  5:01  Overlord x2  
  56  5:14  Zergling x10  
  60  5:23  Extractor x2  
  60  5:25  Roach x2  
  62  5:41  Roach x2  
  67  5:42  Drone  
  67  5:43  Drone x3  
  67  5:44  Drone x2  
  72  6:00  Roach x2  
  76  6:09  Evolution Chamber  
  75  6:11  Extractor  
  75  6:12  Roach x3  
  80  6:19  Baneling  
  78  6:27  Roach  
  78  6:28  Roach  
  78  6:29  Overlord  
  78  6:30  Overlord x2  
  78  6:32  Extractor  
  81  6:33  Extractor, Drone x8  
  81  6:37  Baneling  
  81  6:38  Baneling x3  
  87  6:51  Drone x3  
  87  6:52  Drone x3  
  87  6:53  Drone x2  
  95  7:00  Overseer  
  95  7:03  Roach x3  
  95  7:08  Glial Reconstitution  
  101  7:09  Zerg Missile Weapons Level 2  
  101  7:20  Zergling x2  
  101  7:21  Zergling x18  
  111  7:38  Roach  
  111  7:39  Roach x4  
  121  7:47  Overlord x4  
  121  7:48  Overlord x2  
  120  7:54  Baneling x14  
  120  7:55  Baneling x8  
  120  8:09  Spire, Zergling x18  
  120  8:10  Zergling x12  
  133  8:23  Roach x3  
  139  8:32  Roach x5  
  105  9:00  Roach  
  105  9:01  Roach x10  
  107  9:17  Roach  
  107  9:18  Roach x4  
  107  9:23  Burrow  
  94  9:32  Roach x5  
  104  9:40  Queen  
  104  9:42  Zerg Ground Armor Level 1  
  106  9:51  Mutalisk x3  
  112  10:05  Mutalisk  
  112  10:06  Mutalisk x3  
  120  10:11  Overseer  
  120  10:13  Hatchery  
  119  10:19  Infestation Pit, Roach x2  
  119  10:20  Roach  
  124  10:27  Zergling x14  
  131  10:34  Queen  
  133  10:39  Roach x6  
  145  10:46  Roach  
  147  11:08  Roach x7  
  159  11:18  Roach  
  159  11:19  Roach  
  122  11:33  Roach  
  122  11:34  Roach x7  
  110  11:51  Roach x8  
  120  11:57  Drone  
  109  12:02  Hive  
  90  12:09  Roach  
  90  12:10  Roach x6  
  88  12:27  Roach x4  
  96  12:35  Drone  
  92  12:48  Drone x4  
  95  12:58  Drone x2  
  94  13:05  Hatchery, Drone  
Show
View Real Time Build Order
Export as new Build Order

Angelus Zerg - Winner!

Build Orders: Hatch First 

Get SALT Encoding   

  12  0:00  Drone  
  13  0:12  Overlord  
  13  0:18  Drone  
  14  0:31  Drone x2  
  16  0:36  Drone  
  17  0:45  Drone  
  18  0:57  Hatchery  
  18  0:59  Drone  
  18  1:01  Extractor  
  17  1:15  Spawning Pool  
  16  1:19  Drone  
  16  1:21  Drone  
  18  1:30  Drone  
  19  1:46  Hatchery  
  18  2:05  Drone  
  18  2:06  Drone  
  18  2:07  Overlord  
  18  2:08  Queen  
  22  2:28  Metabolic Boost  
  22  2:31  Zergling x8  
  22  2:34  Drone  
  27  2:46  Drone  
  27  2:48  Drone  
  29  2:52  Drone  
  30  3:09  Drone  
  30  3:10  Drone x2  
  30  3:11  Zergling x6  
  36  3:15  Drone  
  37  3:23  Drone  
  37  3:24  Drone x2  
  37  3:26  Baneling Nest  
  39  3:31  Drone x2  
  40  3:34  Drone  
  41  3:41  Hatchery  
  40  3:53  Evolution Chamber  
  40  3:54  Evolution Chamber  
  38  4:12  Baneling x4  
  38  4:16  Queen  
  40  4:31  Overlord x4  
  40  4:33  Drone  
  40  4:35  Roach Warren  
  40  4:37  Drone  
  41  4:49  Queen  
  41  4:50  Drone  
  41  4:52  Extractor, Drone x3  
  47  4:57  Zergling x16  
  54  5:00  Lair  
  54  5:05  Zergling x8  
  58  5:14  Drone  
  55  5:16  Drone  
  55  5:18  Drone x3  
  60  5:28  Drone  
  60  5:29  Drone  
  61  5:37  Overlord x2  
  61  5:41  Hatchery  
  60  5:49  Zerg Ground Armor Level 1  
  60  5:51  Zerg Missile Weapons Level 1  
  60  5:52  Drone  
  60  5:53  Drone x2  
  60  5:56  Extractor  
  62  5:58  Extractor  
  62  6:01  Drone  
  62  6:03  Zergling x2, Roach x2  
  62  6:04  Zergling x10  
  72  6:35  Roach  
  72  6:36  Roach x5  
  82  6:41  Drone x3  
  82  6:42  Drone x3  
  88  6:51  Ravager  
  89  7:05  Ravager  
  90  7:13  Ravager  
  90  7:14  Ravager  
  92  7:18  Unknown  
  92  7:22  Glial Reconstitution  
  92  7:26  Drone x4  
  92  7:29  Overlord x3  
  96  7:30  Overlord x3  
  96  7:31  Overlord  
  95  7:54  Roach  
  95  7:55  Roach x9  
  95  7:58  Roach x4  
  123  8:00  Zergling x6  
  123  8:01  Zergling x8  
  130  8:07  Queen  
  130  8:08  Centrifical Hooks  
  132  8:13  Drone x4  
  132  8:17  Extractor  
  134  8:31  Baneling x8  
  134  8:32  Baneling  
  115  8:48  Roach x7  
  109  8:49  Roach  
  110  9:00  Roach x3  
  110  9:01  Zergling x14, Roach  
  115  9:19  Roach x3  
  115  9:20  Roach x2  
  115  9:22  Roach x3  
  122  9:36  Queen  
  122  9:37  Drone x3  
  127  9:39  Zerg Ground Armor Level 2  
  127  9:42  Roach  
  127  9:43  Zergling x16, Roach  
  139  9:52  Zergling x12  
  145  9:53  Zergling x2  
  145  9:56  Zergling x4  
  148  10:00  Zergling x2  
  148  10:04  Zerg Missile Weapons Level 2  
  149  10:08  Baneling x6  
  149  10:18  Baneling x5  
  149  10:19  Baneling  
  149  10:21  Baneling  
  149  10:22  Baneling  
  149  10:28  Drone x2  
  151  10:32  Overlord x4  
  151  10:41  Hydralisk Den  
  150  10:52  Roach x8  
  156  11:20  Hydralisk x8  
  133  11:50  Zergling x4  
  133  11:51  Zergling x22  
  123  12:07  Zergling x2  
  123  12:08  Zergling x8  
  111  12:12  Queen  
  111  12:13  Drone x3  
  111  12:14  Drone  
  83  12:49  Roach x10  
  99  12:59  Roach x4  
  99  13:02  Roach  
  99  13:04  Roach  
Tags
 
Add a new tag
Caveats
  • Supply blocks, unpowered buildings, or Contaminate may cause inaccurate times.
  • Supply counts are checked every 10 seconds.